 Dungeon Sprint DCSS version 0.21.1-1-g345015f (webtiles) character file.

10300000 Fang the Axe Maniac (level 27, -15/270 (273) HPs)
             Began as a Minotaur Gladiator on May 22, 2018.
             Was the Champion of Makhleb.
             Engulfed by a cloud of flame (18 damage)
             ... in the Dungeon (Sprint VIII: "Arena of Blood").
             The game lasted 00:02:53 (103 turns).

Fang the Axe Maniac (Minotaur Gladiator)             Turns: 103, Time: 00:02:53

HP:   -15/270 (273) AC:  6    Str: 29    XL:     27
MP:   33/53         EV: 32    Int:  5    God:    Makhleb [******]
Gold: 0             SH:  0    Dex: 15    Spells: 80/80 levels left

rFire    . . .     SeeInvis .   l - +∞ Axe of Woe
rCold    . . .     Gourm    .   (shield currently unavailable)
rNeg     . . .     Faith    .   b - +0 leather armour
rPois    .         Spirit   .   c - +0 hat
rElec    .         Reflect  .   (no cloak)
rCorr    .         Harm     .   (no gloves)
MR       ++...     NoTele   +   (no boots)
Stlth    +++++++++.             (no amulet)
HPRegen  0.55/turn              (no ring)
MPRegen  0.33/turn              (no ring)

@: marked
A: retaliatory headbutt, horns 2
a: Minor Destruction, Lesser Servant of Makhleb, Major Destruction, Greater
Servant of Makhleb, Renounce Religion


You were in the Dungeon.
You worshipped Makhleb.
Makhleb was exalted by your worship.
You were not hungry.

You visited 1 branch

Inventory:

Hand Weapons
 a - a +0 war axe
 l - the +∞ Axe of Woe (weapon)
   (You found it in the Dungeon)
Missiles
 d - 3 throwing nets (quivered)
Armour
 b - a +0 leather armour (worn)
 c - a +0 hat (worn)
Scrolls
 k - a scroll of blinking
Potions
 e - a potion of curing
 g - a potion of heal wounds
 h - a potion of haste
 i - 2 potions of magic
 j - a potion of berserk rage
Comestibles
 f - a ration


   Skills:
 O Level 27 Fighting
 O Level 27 Axes
 O Level 27 Throwing
 O Level 27 Armour
 O Level 27 Dodging
 O Level 27 Stealth
 O Level 27 Unarmed Combat
 O Level 27 Spellcasting
 O Level 27 Invocations


You had 80 spell levels left.
You didn't know any spells.

Dungeon Overview and Level Annotations

Branches:
Dungeon (1/1)

Altars:
Makhleb


Innate Abilities, Weirdness & Mutations

You reflexively headbutt those who attack you in melee.
You have a pair of horns on your head.


Message History

The eight-headed meat hydra convulses!
The bag of meat convulses! x20
Your body is wracked with pain!
* * * LOW HITPOINT WARNING * * *
The meat berserker convulses!
The eight-headed meat hydra calls on the powers of darkness!
The eight-headed meat hydra convulses!
The bag of meat convulses! x21
Your body is wracked with pain!
* * * LOW HITPOINT WARNING * * *
The meat berserker convulses!
The bag of meat convulses! x8
The large bag of meat convulses!
The bag of meat convulses! x5
The accursed points at you and mumbles some strange words.
Something smites you!
* * * LOW HITPOINT WARNING * * *
Two crawling corpses merge to form a small abomination.
An orc and a vampire knight come into view.
The destroyer is wielding a +9 great sword of slicing.
Unknown command. 4 orcs come into view.
You are engulfed in blazing flames.
You die... ...###... ..###. ........###X.o... #%D..XXXXoXoo... .ooooo#WLooo# . .ooooo#XMXo_# .. .xoo.X#)Voo.#.z. #ooXooo2Oo..ooo. .o{zzzoL###ooWz..

.o.###o@))ooM###.
.. #§§§Oxoo#
#§§§oooo#
.o§§§§ooMoM..


o.Woooooooz§..§ ...xMxoDoooo.%.. ...........o..## ....#........#..
..%.....M....#.. You could see 5 accurseds, 2 tentacled monstrosities, a meat
beast, 2 tyrants, 2 eight-headed meat hydras, a destroyer, 5 sculptors of flesh,
a large bag of meat (inner flame), 7 large abominations, 2 dreads, a meat
berserker (berserk), a small abomination, 56 bags of meat and 3 crawling
corpses.

Vanquished Creatures
  Sigmund (D)
  11 hell beasts (D)
  3 greater mummies (D)
  2 wraiths (D)
  Harold (D)
  22 vampire knights (D)
  55 ogres (D)
  6 two-headed ogres (D)
  3 liches (D)
  77 orcs (D)
  2 phantoms (D)
  4 skeletal warriors (D)
  11 large abominations (D)
  9 small abominations (D)
  24 crawling corpses (D)
231 creatures vanquished.

Vanquished Creatures (others)
  2 ogres (D)
  2 orcs (D)
  5 crawling corpses (D)
9 creatures vanquished.

Grand Total: 240 creatures vanquished

Notes
Turn   | Place    | Note
-------+----------+-------------------------------------------
     0 | D        | Found the +∞ Axe of Woe
     0 | D        | Fang the Minotaur Gladiator began the quest for the Orb.
     0 | D        | Reached XP level 1. HP: 18/18 MP: 0/0
     4 | D        | Became a worshipper of Makhleb the Destroyer
     5 | D        | Noticed a bag of meat
     5 | D        | Noticed a bag of meat
     6 | D        | Noticed a bag of meat
     6 | D        | Noticed a bag of meat
     8 | D        | Noticed a bag of meat
     9 | D        | Noticed a meat berserker
     9 | D        | Noticed a bag of meat
    10 | D        | Noticed a meat berserker
    11 | D        | Killed a bag of meat
    11 | D        | Reached XP level 2. HP: 41/41 MP: 1/1
    11 | D        | Reached XP level 3. HP: 48/48 MP: 2/2
    11 | D        | Reached XP level 4. HP: 56/56 MP: 3/3
    11 | D        | Reached XP level 5. HP: 62/62 MP: 4/4
    11 | D        | Reached XP level 6. HP: 70/70 MP: 5/5
    11 | D        | Reached XP level 7. HP: 77/77 MP: 6/6
    11 | D        | Reached XP level 8. HP: 83/83 MP: 7/7
    11 | D        | Reached XP level 9. HP: 90/90 MP: 8/8
    11 | D        | Reached XP level 10. HP: 97/97 MP: 9/9
    11 | D        | Reached XP level 11. HP: 104/104 MP: 10/10
    11 | D        | Killed a bag of meat
    11 | D        | Reached * piety under Makhleb
    11 | D        | Reached XP level 12. HP: 116/116 MP: 11/11
    12 | D        | Noticed a bag of meat
    12 | D        | Noticed a bag of meat
    12 | D        | Killed a bag of meat
    12 | D        | Reached XP level 13. HP: 125/125 MP: 12/12
    12 | D        | Killed a meat berserker
    12 | D        | Reached skill level 27 in Axes
    12 | D        | Reached XP level 14. HP: 140/140 MP: 13/13
    13 | D        | Killed a bag of meat
    13 | D        | Reached ** piety under Makhleb
    13 | D        | Reached skill level 27 in Dodging
    13 | D        | Reached XP level 15. HP: 155/155 MP: 14/14
    14 | D        | Killed a meat berserker
    14 | D        | Reached XP level 16. HP: 182/182 MP: 15/15
    15 | D        | Noticed a large bag of meat
    17 | D        | Noticed a meat berserker
    17 | D        | Reached *** piety under Makhleb
    17 | D        | Reached skill level 27 in Fighting
    18 | D        | Reached skill level 27 in Throwing
    19 | D        | Noticed a meat berserker
    20 | D        | Noticed a meat berserker
    20 | D        | Killed a large bag of meat
    20 | D        | Reached skill level 10 in Unarmed Combat
    20 | D        | Reached XP level 17. HP: 73/191 MP: 15/26
    21 | D        | Noticed a meat berserker
    21 | D        | Noticed a meat berserker
    22 | D        | Noticed a meat berserker
    22 | D        | Noticed a meat berserker
    22 | D        | Killed a meat berserker
    22 | D        | Reached **** piety under Makhleb
    22 | D        | Reached skill level 15 in Armour
    24 | D        | Noticed a destroyer
    25 | D        | Noticed a meat berserker
    25 | D        | Killed a meat berserker
    25 | D        | Reached skill level 15 in Invocations
    25 | D        | Reached XP level 18. HP: 106/200 MP: 15/32
    26 | D        | Killed a meat berserker
    26 | D        | Reached XP level 19. HP: 207/207 MP: 16/35
    26 | D        | Reached ***** piety under Makhleb
    26 | D        | Killed a meat berserker
    26 | D        | Reached skill level 15 in Spellcasting
    27 | D        | Noticed a meat berserker
    27 | D        | Noticed a meat berserker
    27 | D        | Killed a meat berserker
    27 | D        | Killed a destroyer
    27 | D        | Reached skill level 27 in Armour
    27 | D        | Reached XP level 20. HP: 216/216 MP: 16/41
    28 | D        | Noticed a meat berserker
    28 | D        | Killed a meat berserker
    28 | D        | Reached skill level 27 in Unarmed Combat
    29 | D        | Killed a meat berserker
    29 | D        | Reached skill level 27 in Invocations
    29 | D        | Reached XP level 21. HP: 224/224 MP: 16/45
    30 | D        | Noticed a destroyer
    30 | D        | Reached ****** piety under Makhleb
    30 | D        | Reached skill level 27 in Stealth
    31 | D        | Noticed a large bag of meat
    31 | D        | Reached skill level 27 in Spellcasting
    31 | D        | Reached XP level 22. HP: 233/233 MP: 17/52
    33 | D        | Reached XP level 23. HP: 240/240 MP: 17/53
    34 | D        | Noticed a destroyer
    34 | D        | Noticed a destroyer
    35 | D        | Noticed a destroyer
    36 | D        | Noticed a destroyer
    37 | D        | Reached XP level 24. HP: 249/249 MP: 18/53
    37 | D        | Noticed a destroyer
    38 | D        | Killed a destroyer
    39 | D        | Killed a large bag of meat
    39 | D        | Reached XP level 25. HP: 257/257 MP: 18/53
    40 | D        | Killed a destroyer
    41 | D        | Noticed a destroyer
    42 | D        | Noticed a large bag of meat
    43 | D        | Killed a destroyer
    43 | D        | Reached XP level 26. HP: 266/266 MP: 19/53
    44 | D        | Killed a destroyer
    45 | D        | Killed a destroyer
    45 | D        | Reached XP level 27. HP: 273/273 MP: 20/53
    46 | D        | Killed a destroyer
    48 | D        | Noticed a destroyer
    48 | D        | Noticed a destroyer
    53 | D        | Killed a large bag of meat
    56 | D        | Noticed The Servant
    58 | D        | Killed a destroyer
    59 | D        | Killed a destroyer
    60 | D        | Noticed a destroyer
    61 | D        | Noticed a tyrant
    61 | D        | Noticed an accursed
    61 | D        | Noticed The Captor
    61 | D        | Noticed a destroyer
    61 | D        | Killed a destroyer
    63 | D        | Killed a destroyer
    67 | D        | Noticed a meat beast
    67 | D        | Killed The Captor
    68 | D        | Noticed a meat beast
    69 | D        | Killed The Servant
    70 | D        | Killed a tyrant
    71 | D        | Noticed an accursed
    71 | D        | Killed a destroyer
    71 | D        | Killed a meat beast
    72 | D        | Noticed a dread
    72 | D        | Killed a meat beast
    73 | D        | Noticed a tyrant
    74 | D        | Noticed a destroyer
    74 | D        | Noticed a destroyer
    75 | D        | Noticed a meat beast
    75 | D        | Noticed a large bag of meat
    76 | D        | Killed a destroyer
    77 | D        | Noticed an accursed
    77 | D        | Noticed a meat beast
    77 | D        | Noticed an accursed
    77 | D        | Noticed a destroyer
    78 | D        | Noticed a dread
    78 | D        | Noticed an accursed
    79 | D        | Noticed a meat beast
    79 | D        | Killed a meat beast
    80 | D        | Noticed a destroyer
    80 | D        | Noticed a meat beast
    80 | D        | Killed a meat beast
    80 | D        | Killed a destroyer
    81 | D        | Noticed a tyrant
    81 | D        | Noticed a large bag of meat
    82 | D        | Noticed a meat beast
    82 | D        | Noticed a tyrant
    82 | D        | Noticed a destroyer
    83 | D        | Noticed a destroyer
    83 | D        | Noticed a meat beast
    84 | D        | Killed a tyrant
    85 | D        | Noticed a meat beast
    85 | D        | Noticed a dread
    85 | D        | Killed a destroyer
    86 | D        | Killed an accursed
    87 | D        | Noticed a destroyer
    87 | D        | Noticed a meat beast
    87 | D        | Killed a meat beast
    88 | D        | Noticed an accursed
    88 | D        | Noticed a large bag of meat
    88 | D        | Killed a tyrant
    88 | D        | Killed a destroyer
    88 | D        | Killed a meat beast
    88 | D        | Killed a dread
    88 | D        | Killed a destroyer
    89 | D        | Killed an accursed
    90 | D        | Noticed a tyrant
    90 | D        | Noticed a destroyer
    90 | D        | Noticed a destroyer
    90 | D        | Killed a meat beast
    90 | D        | Killed a meat beast
    91 | D        | Noticed an accursed
    91 | D        | Noticed a meat beast
    91 | D        | Killed a destroyer
    92 | D        | Noticed a large bag of meat
    92 | D        | Noticed a meat beast
    92 | D        | Killed a large bag of meat
    92 | D        | Killed a meat beast
    93 | D        | Noticed a dread
    93 | D        | Killed a large bag of meat
    94 | D        | Noticed a destroyer
    95 | D        | Killed a dread
    95 | D        | Killed a destroyer
    96 | D        | Killed a meat beast
    97 | D        | Noticed a dread
    98 | D        | Killed a meat beast
    98 | D        | Killed an accursed
    99 | D        | Noticed an accursed
    99 | D        | Killed a large bag of meat
    99 | D        | Killed a destroyer
   100 | D        | Killed a destroyer
   101 | D        | Killed a destroyer
   102 | D        | Noticed an accursed
   102 | D        | HP: 11/270 [??? (9)]
   102 | D        | HP: 3/270 [accursed/divine providence (8)]
   103 | D        | Noticed a destroyer
   103 | D        | Engulfed by a cloud of flame

Skill      XL: |  1  2  3  4  5  6  7  8  9 10 11 12 13 14 15 16 17 18 19 20 21 |
---------------+----------------------------------------------------------------+-----
Fighting       | 12 13 14 17 19 26 27 | 27.0
Axes           | 20 23 25 27 | 27.0
Throwing       | 9 11 12 14 16 22 27 | 27.0
Dodging        | 19 21 23 26 27 | 27.0
Armour         | 11 18 21 27 | 27.0
Stealth        | 8 14 17 22 25 27 | 27.0
Unarmed Combat | 10 16 19 25 27 | 27.0
Spellcasting   | 6 11 13 18 21 27 | 27.0
Invocations    | 9 15 18 23 27 | 27.0

Action                   |  1- 3 |  4- 6 |  7- 9 | 10-12 | 13-15 | 16-18 | 19-21 | 22-24 | 25-27 || total
-------------------------+-------+-------+-------+-------+-------+-------+-------+-------+-------++-------
Melee: Executioner's axe |     1 |       |       |     1 |     2 |     6 |     5 |     7 |    61 ||    83
Armor: Leather armour    |       |       |       |       |       |       |       |       |     1 ||     1
Dodge: Dodged            |       |       |       |       |       |     2 |       |       |     6 ||     8
